 Dungeon Crawl Stone Soup version 0.27.1-34-g3ba077fa99 (webtiles) character file.

Game seed: 229992797646914322

7452 infcreate the Blocker (level 11, -10/72 HPs)
             Began as a Gargoyle Fighter on Jan 1, 2022.
             Was an Elder of Okawaru.
             Mangled by Snorg (16 damage)
             ... on level 10 of the Dungeon.
             The game lasted 00:25:45 (14138 turns).

infcreate the Blocker (Gargoyle Fighter)           Turns: 14138, Time: 00:25:45

Health: -10/72     AC: 29    Str: 22    XL:     11   Next: 15%
Magic:  10/11      EV: 11    Int: 10    God:    Okawaru [****..]
Gold:   517        SH: 13    Dex:  9    Spells: 10/10 levels left

rFire    . . .     SeeInvis .   A - +0 morningstar
rCold    . . .     Faith    .   c - +0 kite shield
rNeg     + . .     Spirit   .   v - +4 scale mail
rPois    ∞         Reflect  .   u - +0 helmet
rElec    +         Harm     .   (no cloak)
rCorr    .         Rampage  .   a - +2 pair of gloves {Stlth+}
Will     +....                  B - +0 pair of boots
Stlth    ++........             (no amulet)
HPRegen  0.22/turn              W - ring of willpower
MPRegen  0.12/turn              (no ring)

@: about to teleport, heroic, studying Evocations
A: sickness immunity, AC +8, negative energy resistance 1, electricity
resistance, torment resistance 1, petrification resistance
a: Renounce Religion, Heroism


You were on level 10 of the Dungeon.
You worshipped Okawaru.
Okawaru was greatly pleased with you.
You visited 2 branches of the dungeon, and saw 11 of its levels.

You collected 517 gold pieces.


Innate Abilities, Weirdness & Mutations

You are immune to sickness and miasma.
Your stone body is resilient. (AC +8)
You are immune to poison.
You resist negative energy. (rN+)
You are resistant to electric shocks. (rElec)
You are resistant to unholy torment.
You are immune to petrification.


   Skills:
 * Level 9.8(14.8) Fighting
 * Level 8.7(13.7) Maces & Flails
 * Level 9.8(14.8) Armour
 * Level 9.9(14.9) Shields
 + Level 1.1 Invocations


You had 10 spell levels left.
You didn't know any spells.
Your spell library contained the following spells:

 Spells                   Type           Power      Damage    Failure   Level
 Beastly Appendage        Tmut           0%         N/A       58%         1
 Magic Dart               Conj           0%         1d3       58%         1
 Pain                     Necr           0%         1d4       58%         1
 Summon Small Mammal      Summ           0%         N/A       58%         1
 Call Imp                 Summ           0%         N/A       75%         2
 Ensorcelled Hibernation  Hex/Ice        0%         N/A       75%         2
 Passwall                 Tmut/Erth      0%         N/A       75%         2
 Searing Ray              Conj           0%         3d3       75%         2
 Wereblood                Tmut           0%         N/A       75%         2
 Call Canine Familiar     Summ           0%         N/A       92%         3
 Mephitic Cloud           Conj/Pois/Air  0%         N/A       92%         3
 Spider Form              Tmut/Pois      0%         N/A       92%         3
 Summon Guardian Golem    Hex/Summ       0%         N/A       92%         3
 Swiftness                Air            0%         N/A       92%         3
 Fulminant Prism          Conj/Hex       0%         3d6       100%        4
 Agony                    Necr           0%         N/A       100%        5
 Excruciating Wounds      Necr           0%         N/A       100%        5
 Invisibility             Hex            0%         N/A       100%        6
 Shadow Creatures         Summ           N/A        N/A       100%        6

Inventory:

Hand Weapons
 A - a +0 morningstar (weapon)
Armour
 a - a +2 pair of gloves of stealth (worn)
 c - a +0 kite shield (worn)
 u - a +0 helmet (worn)
 v - a +4 scale mail (worn)
 x - +0 steam dragon scales
 B - a +0 pair of boots (worn)
Magical Staves
 w - a staff of death {!a}
Jewellery
 F - a ring of fire
 W - a ring of willpower (left hand)
Wands
 b - a wand of mindburst (24)
 C - a wand of charming (6)
Scrolls
 g - 2 scrolls of identify {@r1}
 h - a scroll of enchant weapon {unknown}
 i - 4 scrolls of noise
 k - 3 scrolls of immolation
 m - 6 scrolls of teleportation {@r2}
 n - a scroll of acquirement {unknown}
 p - 2 scrolls of blinking
 q - a scroll of amnesia {unknown}
 t - a scroll of magic mapping {unknown}
 y - a scroll of fear {unknown}
 z - 2 scrolls of enchant armour
Potions
 d - 2 potions of heal wounds {unknown}
 e - 3 potions of haste {unknown}
 f - 3 potions of flight {unknown}
 j - 2 potions of curing {@q1}
 l - 2 potions of lignification
 o - 2 potions of ambrosia
 r - a potion of mutation {unknown}
 s - 3 potions of magic

Dungeon Overview and Level Annotations

Branches:
Dungeon (10/15)            Temple (1/1) D:5             Orc (0/2) D:9
   Lair: D:8-11

Altars:
Ashenzari
Cheibriados
Dithmenos
Elyvilon
Fedhas
Gozag
Kikubaaqudgha
Makhleb
Nemelex Xobeh
Okawaru
Qazlal
Ru
Sif Muna
Trog
Uskayaw
Vehumet
Wu Jian
Yredelemnul
Zin
The Shining One

Shops:
D:5 :

Annotations:
D:8 2 transporters, exclusion: oklob plant, Discosetron's ghost, novice SpEn
D:10 Snorg

..............# #.#
..#8..8#......####.#
##..Y.##..........#
#...T. ##.........#
##$$$$ #.........#
##########.........###
#⌠......⌠#...........#
#..⚑..⚑..#)........#.#
+⌠......⌠@T........#.#
#........#.......### #
##########.......#
..............#
.[............#
#######.......#
........# ........#
....#####


You could see Snorg (berserk).


Message History

You block Snorg's attack. x2; Snorg claws you!
* * * LOW HITPOINT WARNING * * *
Your scale mail prevents you from hitting Snorg.
Snorg is lightly wounded.
You block Snorg's attack. Snorg claws you but does no damage. x2
You sock Snorg!
Snorg is moderately wounded.
Snorg closely misses you. You block Snorg's attack. Snorg barely misses you.
You closely miss Snorg.
Snorg is moderately wounded.
You block Snorg's attack. x2; Snorg closely misses you.
You thump Snorg!
Snorg is moderately wounded.
You block Snorg's attack. x2; Snorg claws you.
* * * LOW HITPOINT WARNING * * *
You block Snorg's attack. Snorg claws you but does no damage.
You block Snorg's attack.
You closely miss Snorg.
Snorg is moderately wounded.
Snorg bites you!
* * * LOW HITPOINT WARNING * * *
You block Snorg's attack. x2
Blink to where?
Press: ? - help, Dir - move target
Okay, then.
As you read the scroll of teleportation {@r2}, it crumbles to dust.
You feel strangely unstable. Snorg bites you.
* * * LOW HITPOINT WARNING * * *
You block Snorg's attack. Snorg claws you!
You die...

Skill      XL: |  1  2  3  4  5  6  7  8  9 10 11 |
---------------+----------------------------------+-----
Shields        | 4 5 7 8 9 |  9.9
Fighting       | 4 5 6 8 9 |  9.8
Armour         | 4 5 6 8 9 |  9.8
Maces & Flails | 3 4 5 7 8 |  8.7
Invocations    | 1 |  1.1

Action                   |  1- 3 |  4- 6 |  7- 9 | 10-12 || total
-------------------------+-------+-------+-------+-------++-------
Melee: Flail             |   139 |   209 |   359 |   321 ||  1028
       Morningstar       |       |       |       |   134 ||   134
Invok: Heroism           |       |       |       |     3 ||     3
       Finesse           |       |       |       |     1 ||     1
  Use: Potion            |       |     4 |       |       ||     4
       Scroll            |       |     2 |       |     6 ||     8
Armor: Scale mail        |    75 |   129 |   206 |   227 ||   637
Dodge: Dodged            |    34 |    59 |   128 |   141 ||   362
Block: Kite shield       |    59 |   104 |   204 |   276 ||   643

Levels and vault maps discovered:
D:1:      sevenhm_arrival_forest_fort_small_3, layout_basic
D:2:      layout_basic, basic_altar, minmay_hedge_maze
D:3:      layout_basic, old_standard_altar, mainiacjoe_overflow_chevrons,
          minmay_misc_feat_columns, hex_large, uniq_grinder
D:4:      layout_basic, nicolae_uskayaw_dance_hall, minmay_manual_monstrance
D:5:      layout_basic, grunt_gozag_statues, kennysheep_mini_moat,
          minmay_temple_entry_slanted, nicolae_shop_self_help
D:6:      layout_rooms, yredelemnul_forgotten_temple_becter, trog_hazing_becter,
          minmay_bent
D:7:      layout_basic, evilmike_ruin_ashenzari, nrook_mini_backslash,
          minmay_quadrilaterals
D:8:      layout_loops_ring, lemuel_round_altar, nzn_ghost_randoct
D:9:      layout_basic, orc_0_dummy
D:10:     layout_basic, nicolae_overflow_crystal_walls,
          nicolae_hepliaklqana_monster_ancestors, jmf_multi_god_temple,
          uniq_josephine, uniq_snorg, uniq_joseph
Temple:   jpeg_temple_island

Notes
Turn   | Place    | Note
-------+----------+-------------------------------------------
     0 | D:1      | infcreate the Gargoyle Fighter began the quest for the Orb.
     0 | D:1      | Reached XP level 1. HP: 14/14 MP: 1/1
   277 | D:1      | Reached XP level 2. HP: 15/19 MP: 2/2
  1649 | D:2      | Reached XP level 3. HP: 18/23 MP: 3/3
  1730 | D:2      | Found a basalt altar of Yredelemnul.
  2149 | D:2      | Reached XP level 4. HP: 21/29 MP: 4/4
  2563 | D:3      | Found an ancient bone altar of Kikubaaqudgha.
  2678 | D:3      | Reached skill level 4 in Shields
  2723 | D:3      | Reached skill level 4 in Fighting
  2849 | D:2      | Reached skill level 4 in Armour
  2918 | D:2      | Reached skill level 3 in Maces & Flails
  2918 | D:2      | Reached XP level 5. HP: 6/33 MP: 5/5
  3571 | D:3      | Noticed Grinder
  3581 | D:3      | Paralysed by Grinder for 2 turns
  3712 | D:3      | Found a snail-covered altar of Cheibriados.
  4262 | D:4      | Noticed an ogre
  5111 | D:4      | Killed an ogre
  5112 | D:4      | Reached XP level 6. HP: 21/39 MP: 6/6
  5289 | D:4      | Found a hide-covered altar of Uskayaw.
  5465 | D:4      | HP: 1/39 [bullfrog (5)]
  5488 | D:4      | Reached skill level 5 in Fighting
  5488 | D:4      | Reached skill level 4 in Maces & Flails
  5488 | D:4      | Reached skill level 5 in Shields
  5488 | D:4      | Reached XP level 7. HP: 23/44 MP: 7/7
  5516 | D:4      | Reached skill level 5 in Armour
  6051 | D:3      | Paralysed by Grinder for 7 turns
  6073 | D:3      | Killed Grinder
  6292 | D:5      | Entered Level 5 of the Dungeon
  6317 | D:5      | Found a staircase to the Ecumenical Temple.
  6326 | Temple   | Entered the Ecumenical Temple
  6371 | Temple   | Became a worshipper of Warmaster Okawaru
  6469 | D:5      | Found Osyonos's Self-Improvement Boutique.
  6631 | D:5      | Found an opulent altar of Gozag.
  6717 | D:5      | Reached * piety under Okawaru
  6718 | D:5      | Reached XP level 8. HP: 51/51 MP: 8/8
  6769 | D:5      | Reached skill level 6 in Fighting
  6769 | D:5      | Reached skill level 5 in Maces & Flails
  6769 | D:5      | Reached skill level 6 in Armour
  6769 | D:5      | Reached skill level 6 in Shields
  6854 | D:5      | Found a stormy altar of Qazlal.
  6961 | D:5      | Identified the +10 longbow of Gusos {vorpal, rElec rF+
                  | Str+2 Dex+2}
  7544 | D:5      | Reached ** piety under Okawaru
  7897 | D:6      | Reached skill level 7 in Shields
  7897 | D:6      | Reached XP level 9. HP: 56/56 MP: 9/9
  7925 | D:6      | Reached skill level 7 in Fighting
  7925 | D:6      | Reached skill level 6 in Maces & Flails
  7925 | D:6      | Reached skill level 7 in Armour
  8379 | D:6      | Found a bloodstained altar of Trog.
  8532 | D:6      | Reached *** piety under Okawaru
  8642 | D:6      | Found a basalt altar of Yredelemnul.
  8945 | D:7      | Found a broken altar of Ashenzari.
  9287 | D:7      | Reached skill level 8 in Shields
  9316 | D:7      | Reached skill level 8 in Fighting
  9316 | D:7      | Reached skill level 8 in Armour
  9715 | D:8      | Noticed a cyan ugly thing
  9718 | D:8      | Noticed Discosetron's ghost (novice SpEn)
  9718 | D:8      | Noticed a cyclops
  9720 | D:8      | Noticed a hornet
  9720 | D:8      | Noticed an oklob plant
  9723 | D:8      | Found a transporter.
  9759 | D:8      | Noticed a boulder beetle
  9781 | D:8      | Reached skill level 7 in Maces & Flails
 10073 | D:8      | Found a white marble altar of Elyvilon.
 10116 | D:7      | Reached XP level 10. HP: 24/64 MP: 10/10
 10325 | D:8      | Found a transporter.
 10529 | D:8      | Reached **** piety under Okawaru
 11641 | D:9      | Reached skill level 9 in Shields
 11647 | D:9      | Reached skill level 9 in Fighting
 11949 | D:9      | Found a staircase to the Orcish Mines.
 11990 | D:9      | Reached skill level 9 in Armour
 12142 | D:8      | Reached skill level 8 in Maces & Flails
 12445 | D:9      | Reached ***** piety under Okawaru
 13079 | D:9      | Noticed a two-headed ogre
 13090 | D:9      | Killed a two-headed ogre
 13090 | D:9      | Identified the +6 double sword of Earthquakes {vorpal,
                  | +Rage} (Okawaru gifted it to you on level 9 of the Dungeon)
 13090 | D:9      | Received a gift from Okawaru
 13091 | D:9      | Reached XP level 11. HP: 23/71 MP: 8/11
 13666 | D:10     | Entered Level 10 of the Dungeon
 13721 | D:10     | Noticed Joseph
 13767 | D:10     | HP: 7/72 [Joseph (10)]
 13772 | D:10     | Killed Joseph
 13773 | D:10     | Reached skill level 1 in Invocations
 14081 | D:10     | Found a shadowy altar of Dithmenos.
 14081 | D:10     | Found an ornate altar of the Wu Jian Council.
 14082 | D:10     | Noticed Snorg
 14137 | D:10     | HP: 7/72 [Snorg (13)]
 14138 | D:10     | Mangled by Snorg

Vanquished Creatures
  A two-headed ogre (D:9)
  Joseph (D:10)
  2 hornets
  Grinder (D:3)
  10 yaks
  A steam dragon (D:7)
  3 vampire mosquitoes
  2 water moccasins
  2 orc warriors (D:8)
  2 sky beasts
  An ice beast (D:8)
  2 black bears
  2 necrophages
  5 ogres
  2 centaurs
  3 phantoms
  A kobold brigand (D:9)
  A gnoll sergeant (D:8)
  5 bullfrogs
  A scorpion (D:6)
  A wyvern skeleton (D:6)
  14 killer bees
  8 wights
  A centaur zombie (D:6)
  3 orc priests
  3 hounds
  5 jellies
  A gnoll shaman (D:10)
  4 orc wizards
  2 hound skeletons
  A howler monkey zombie (D:9)
  6 gnolls
  6 adders
  A shadow imp (D:8)
  2 worms
  3 dart slugs
  22 orcs
  9 ball pythons
  9 endoplasms
  2 giant cockroaches
  12 goblins
  4 hobgoblins
  10 kobolds
  2 quokkas
  6 bats
  5 frilled lizards
  6 rats
  A spectral orc (D:6)
197 creatures vanquished.

Table legend: (Time is in decaauts)
 A = Elapsed time spent in this place.
 B = Non-inter-level travel time spent in this place.
 C = Inter-level travel time spent in this place.
 D = Time resting spent in this place.
 E = Time spent auto-exploring this place.
 F = Levels seen in this place.
 G = Mean time per level.
                   A        B        C        D        E       F      G
               +--------+--------+--------+--------+--------+-----+--------+
         Total |  14474 |  13836 |    638 |   1854 |   8929 |  11 | 1315.8 |
       Dungeon |  14389 |  13790 |    599 |   1854 |   8896 |  10 | 1438.9 |
        Temple |     85 |     46 |     39 |      0 |     33 |   1 |   85.0 |
               +--------+--------+--------+--------+--------+-----+--------+

Top non-repeatable levels by time:
     D:9: 1911 daAuts
     D:4: 1745 daAuts
     D:8: 1738 daAuts
     D:3: 1682 daAuts
     D:1: 1627 daAuts
     D:2: 1431 daAuts
     D:6: 1348 daAuts
     D:7: 1344 daAuts
     D:5: 1091 daAuts
    D:10: 467 daAuts
  Temple: 85 daAuts

Table legend:
 A = Non-vault XP
 B = Vault XP
 C = Vault XP percentage of total XP
 D = Non-vault monster count
 E = Vault monster count
 F = Vault count percentage of total count
                 A         B        C        D         E       F
            +---------+---------+-------+---------+---------+-------
      Total |    8813 |    1833 |  17.2 |     167 |      30 |  15.2
            +---------+---------+-------+---------+---------+-------
        D:1 |      30 |       0 |   0.0 |      17 |       0 |   0.0
        D:2 |     114 |       0 |   0.0 |      25 |       0 |   0.0
        D:3 |      50 |     254 |  83.6 |      24 |       1 |   4.0
        D:4 |     234 |     230 |  49.6 |       9 |       9 |  50.0
        D:5 |     887 |       0 |   0.0 |      12 |       0 |   0.0
        D:6 |    1354 |     457 |  25.2 |      14 |      13 |  48.1
        D:7 |     579 |     191 |  24.8 |       7 |       4 |  36.4
        D:8 |    2048 |       0 |   0.0 |      31 |       0 |   0.0
        D:9 |    3229 |       0 |   0.0 |      27 |       0 |   0.0
       D:10 |     288 |     701 |  70.9 |       1 |       3 |  75.0
            +---------+---------+-------+---------+---------+-------
